 Dungeon Crawl Stone Soup version 0.22-b1-59-g0aedee7 (webtiles) character file.

37 nicolaieve the Cudgeler (level 3, -7/46 HPs)
             Began as a Minotaur Berserker on Aug 9, 2018.
             Was a Believer of Trog.
             Mangled by a worm (8 damage)
             ... on level 2 of the Dungeon.
             The game lasted 00:04:03 (801 turns).

nicolaieve the Cudgeler (Minotaur Berserker)         Turns: 801, Time: 00:04:03

Health: -7/46      AC:  2    Str: 26    XL:     3   Next: 21%
Magic:  2/2        EV: 12    Int:  4    God:    Trog [**....]
Gold:   55         SH:  0    Dex: 10    Spells: 2/2 levels left

rFire    . . .     SeeInvis .   g - +0 whip
rCold    . . .     Gourm    .   (no shield)
rNeg     . . .     Faith    .   b - +0 animal skin
rPois    .         Spirit   .   (helmet restricted)
rElec    .         Reflect  .   j - scarf {cloud immunity}
rCorr    .         Harm     .   (no gloves)
MR       .....                  (no boots)
Stlth    ..........             (no amulet)
HPRegen  0.15/turn              (no ring)
MPRegen  0.08/turn              (no ring)

@: berserking, lethally poisoned (-7 -> -9), very quick
A: retaliatory headbutt, horns 2
a: Berserk, Trog's Hand, Renounce Religion


You were on level 2 of the Dungeon.
You worshipped Trog.
Trog was pleased with you.
You were very hungry.

You visited 1 branch of the dungeon, and saw 2 of its levels.

You collected 55 gold pieces.

Inventory:

Hand Weapons
 g - a +0 whip (weapon)
Armour
 b - a +0 animal skin (worn)
 j - a scarf of cloud immunity (worn)
Jewellery
 a - an uncursed ring of ice {unknown}
Scrolls
 f - 2 scrolls of remove curse {unknown}
 h - 2 scrolls of amnesia {unknown}
 i - a scroll of teleportation {unknown}
 l - 2 scrolls of fog {unknown}
 n - 2 scrolls of enchant weapon {unknown}
Potions
 d - a potion of curing {unknown}
 e - a potion of lignification {unknown}
 k - a potion of flight {unknown}
 m - a potion of brilliance {unknown}
Comestibles
 c - 2 rations
 o - 2 chunks of flesh


   Skills:
 - Level 3.6 Fighting
 + Level 5.3 Maces & Flails
 - Level 2.4 Armour
 - Level 2.1 Dodging


You had 2 spell levels left.
You didn't know any spells.
Your spell library was empty.

Dungeon Overview and Level Annotations

Branches:
Dungeon (2/15)

Altars:


Innate Abilities, Weirdness & Mutations

You reflexively headbutt those who attack you in melee.
You have a pair of horns on your head.


Message History

You hit the worm but do no damage. You headbutt the worm.
The worm is lightly wounded.
You hit the worm but do no damage. Your headbutt misses the worm.
The worm is lightly wounded.
The worm bites you!
* * * LOW HITPOINT WARNING * * *
You hit the worm but do no damage.
The worm is lightly wounded.
You hit the worm.
The worm is moderately wounded.
You feel sick. The worm bites you.
* * * LOW HITPOINT WARNING * * *
You hit the worm.
The worm is moderately wounded.
Unknown command.
A red film seems to cover your vision as you go berserk!
You feel yourself moving faster!
You feel mighty!
You are feeling very hungry.
The worm bites you!
You die...

# ....## #.....#
##...# ##.#.### #....
##..#.# ### ##....
##.....#.....
.....####..#.........
#..>........##......
.##...........##......
.......w..............
#.@..............
#........##..####
######...# #.# .....#
.# .%....... .
#####.##### # ..# ...#
...#


You could see a worm.

Vanquished Creatures
  An adder (D:2)
  An ooze (D:1)
  A dart slug (D:1)
  3 bats (D:1)
  A giant cockroach (D:1)
  A goblin (D:1)
  6 hobgoblins (D:1)
  4 kobolds (D:1)
  A frilled lizard (D:1)
  2 rats
21 creatures vanquished.

Notes
Turn   | Place    | Note
-------+----------+-------------------------------------------
     0 | D:1      | nicolaieve the Minotaur Berserker began the quest for the Orb.
     0 | D:1      | Reached XP level 1. HP: 19/19 MP: 0/0
    99 | D:1      | Reached skill level 4 in Maces & Flails
   158 | D:1      | Reached XP level 2. HP: 10/26 MP: 1/1
   388 | D:1      | Reached skill level 5 in Maces & Flails
   481 | D:1      | Reached ** piety under Trog
   781 | D:2      | Reached XP level 3. HP: 22/31 MP: 2/2
   799 | D:2      | HP: 1/31 [worm (5)]
   801 | D:2      | Mangled by a worm

Skill      XL: |  1  2 |
---------------+-------+-----
Maces & Flails | 4 5 |  5.3
Fighting       | |  3.6
Armour         | |  2.4
Dodging        | |  2.1

Action                   || total
-------------------------++-------
Melee: Mace              ||    12
       Whip              ||    46
       Headbutt          ||     4
Invok: Berserk           ||     2
Armor: Animal skin       ||    11
Dodge: Dodged            ||    38
